 Dungeon Crawl Stone Soup version 0.31-a0-152-g6aa68a64a1 (webtiles) character file.

Game seed: 1001905143947914204

109 qw the Chopper (level 4, -4/28 HPs)
             Began as a Gargoyle Fighter on June 10, 2023.
             Slain by Natasha (6 damage)
             ... on level 2 of the Dungeon.
             The game lasted 00:00:35 (783 turns).

qw the Chopper (Gargoyle Fighter)                    Turns: 783, Time: 00:00:35

Health: -4/28      AC: 10    Str: 22    XL:     4   Next: 90%
Magic:  4/4        EV:  9    Int:  8    God:
Gold:   27         SH:  4    Dex:  9    Spells: 3/3 levels left

rFire   . . .        Y - +0 war axe (venom)
rCold   . . .        c - +0 buckler
rNeg    + . .        b - +0 scale mail
rPois   inf          (no helmet)
rElec   +            (no cloak)
rCorr   .            (no gloves)
SInv    .            (no boots)
Will    .....        (no amulet) Stlth
                     (no ring)
HPRegen 0.24/turn    (no ring)
MPRegen 0.09/turn

%: no passive effects
@: slowed, very slow
A: sickness immunity, AC +3, negative energy resistance 1, electricity
resistance, torment resistance 1, petrification resistance
a: no special abilities


You were on level 2 of the Dungeon.
You visited 1 branch of the dungeon, and saw 2 of its levels.

You collected 27 gold pieces.


Innate Abilities, Weirdness & Mutations

You are immune to sickness and miasma.
Your stone body is resilient. (AC +3)
You are immune to poison.
You resist negative energy. (rN+)
You are resistant to electric shocks. (rElec)
You are resistant to unholy torment.
You are immune to petrification.


   Skills:
 - Level 3.2 Fighting
 + Level 4.4 Axes
 - Level 3.2 Armour
 - Level 3.2 Shields


You had 3 spell levels left.
You didn't know any spells.
Your spell library was empty.

Inventory:

Hand Weapons
 a - a +0 morningstar
 Y - a +0 war axe of venom (weapon)
Armour
 b - a +0 scale mail (worn)
 c - a +0 buckler (worn)
 e - a +0 chain mail
Potions
 d - a potion of might
 f - a potion of lignification {unknown}
 h - a potion of heal wounds {unknown}
 j - a potion of curing {unknown}

Dungeon Overview and Level Annotations

Branches:
Dungeon (2/15)

Altars:

Annotations:
D:2 Natasha


Message History

Natasha is almost dead.
Natasha stares at you and mumbles some strange words.
You resist with some effort.
You barely miss Natasha.
Natasha is almost dead.
Natasha closely misses you.
You slash Natasha!
You kill Natasha!
Natasha screams in fury as she dies!
You start resting.
HP restored.
You see here a rat corpse.
Natasha, Servant of Life and Death comes into view.
Enter note:
Enter note: Natasha hisses angrily.
Natasha casts a spell.
Enter note:
Enter note: Natasha claws you!
There is an open door here.
Enter note:
Enter note: You barely miss Natasha.
Natasha stares at you and mumbles some strange words.
You feel yourself slow down.
The cerulean imp hits you from afar with a +2 spear.
Natasha claws you.
You hit Natasha but do no damage.
Natasha is poisoned.
The cerulean imp hits you but does no damage.
Natasha stares at you and mumbles some strange words.
You resist with some effort. You block the cerulean imp's attack.
Natasha claws you!
You hit Natasha.
Natasha looks as sick as possible!
Natasha is heavily wounded.
The cerulean imp hits you from afar with a +2 spear!
Natasha claws you but does no damage.
The cerulean imp hits you but does no damage.
Natasha claws you.
You die...

#.......# #.##..#......#
#.......# #.##.##......#
#.......###....##......#
#.......#....####......#
#######...#.## #......#
#.###.# #..# #.# #.##
#.# .. #@# ###...h...#
#....5..# #.......#
#.......# #.......#
#.......# #####.###


You could see Natasha (extremely poisoned) and a cerulean imp (summoned).

Vanquished Creatures
  Natasha (twice) (D:2)
  Terence (D:2)
  3 ball pythons (D:1)
  3 endoplasms
  5 goblins
  7 hobgoblins
  4 jackals (D:1)
  A kobold (D:1)
  6 bats
  3 rats
35 creatures vanquished.

Notes
Turn   | Place    | Note
-------+----------+-------------------------------------------
     0 | D:1      | qw the Gargoyle Fighter began the quest for the Orb.
     0 | D:1      | Reached XP level 1. HP: 14/14 MP: 1/1
     0 | D:1      | 0 ||| qw: Version: 0.2-a-123-gb51047a
     0 | D:1      | 0 ||| qw: Game counter: 3712
     0 | D:1      | 0 ||| qw: Always use a shield: true
     0 | D:1      | 0 ||| qw: God list: Okawaru
     0 | D:1      | 0 ||| qw: Allow faded altars: false
     0 | D:1      | 0 ||| qw: Do Orc after D:15 true
     0 | D:1      | 0 ||| qw: Do second Lair branch before Depths: true
     0 | D:1      | 0 ||| qw: Lair rune preference: random
     0 | D:1      | 0 ||| qw: Plans: Normal, Zot:1-4, Slime:5, God:TSO, Crypt,
                  | Tomb, Abyss, Pan, Hells, Win
     0 | D:1      | 0 ||| PLANNING D:1-11
    41 | D:1      | Reached skill level 2 in Axes
   115 | D:1      | Reached XP level 2. HP: 19/19 MP: 2/2
   208 | D:1      | 208 ||| Stepping ~*~*~tactically~*~*~ (stealth).
   288 | D:1      | Reached skill level 3 in Axes
   310 | D:1      | Reached XP level 3. HP: 23/23 MP: 3/3
   518 | D:1      | 518 ||| READING scroll labelled MAEPSU LI QACE.
   522 | D:1      | 522 ||| READING scroll labelled VAHIPP NEGGOTA.
   523 | D:1      | 523 ||| READING scroll labelled XION MILESOMM.
   559 | D:2      | 559 ||| Stepping ~*~*~tactically~*~*~ (stealth).
   608 | D:2      | Noticed Natasha
   611 | D:2      | Killed Natasha
   641 | D:2      | Reached XP level 4. HP: 28/28 MP: 4/4
   685 | D:2      | Noticed Terence
   689 | D:2      | Killed Terence
   690 | D:2      | Reached skill level 4 in Axes
   692 | D:2      | 692 ||| DROPPING +0 club.
   731 | D:2      | Noticed Natasha
   732 | D:2      | 732 ||| Stepping ~*~*~tactically~*~*~ (stealth).
   742 | D:2      | Killed Natasha
   778 | D:2      | Noticed Natasha
   783 | D:2      | HP: 2/28 [cerulean imp/+2 spear[Natasha] (7)]
   783 | D:2      | Slain by Natasha

Levels and vault maps discovered:
D:1:      dpeg_arrival_short_road, layout_rooms, serial_bayou_pond_c
D:2:      layout_basic, uniq_natasha, uniq_terence

Skill      XL: |  1  2  3  4 |
---------------+-------------+-----
Axes           | 2 3 4 |  4.4
Fighting       | |  3.2
Armour         | |  3.2
Shields        | |  3.2

Action                     |  1- 3 |  4- 6 || total
---------------------------+-------+-------++-------
  Melee: War axe           |    72 |    22 ||    94
    Use: Scroll            |     3 |       ||     3
 Armour: Scale mail        |    36 |     6 ||    42
  Dodge: Dodged            |    32 |     7 ||    39
  Block: Buckler           |    21 |     2 ||    23

Table legend:
 A = Non-vault XP
 B = Vault XP
 C = Vault XP percentage of total XP
 D = Non-vault monster count
 E = Vault monster count
 F = Vault count percentage of total count
                 A         B        C        D         E       F
            +---------+---------+-------+---------+---------+-------
      Total |      90 |      67 |  42.7 |      33 |       2 |   5.7
            +---------+---------+-------+---------+---------+-------
        D:1 |      41 |       0 |   0.0 |      23 |       0 |   0.0
        D:2 |      49 |      67 |  57.8 |      10 |       2 |  16.7
            +---------+---------+-------+---------+---------+-------
